[Event "Uruguayan Championship 2022"]
[Site "Montevideo"]
[Date "2022.04.16"]
[Round "9.1"]
[White "Carbone, Diego"]
[Black "Palacio, Enzo"]
[Result "1-0"]
[ECO "E62"]
[WhiteElo "2272"]
[BlackElo "1896"]
[Annotator "TA"]
[PlyCount "161"]
[EventDate "2022.04.08"]
[EventType "tourn"]
[EventCountry "URU"]
[SourceTitle "playchess.com"]
[Source "ChessBase"]
[SourceQuality "1"]
[TimeControl "40/5400+30:1800+30"]

1. d4 Nf6 2. c4 g6 3. g3 Bg7 4. Bg2 O-O 5. Nc3 d6 6. Nf3 Nc6 7. O-O Bf5 8. d5 Na5 9. Nd4 Bd7 10. Qd3 c5 11. dxc6 {[%emt 0:06:12] E62: King's Indian: Fianchetto: 6...c6 and Panno Variation (6...Nc6) without ...a6.} Nxc6 12. Nxc6 bxc6 13. Bd2 {[%emt 0:02:05] White has an edge.} (13. Bf4 {is interesting.} Ng4 14. b3 Qa5 15. Rac1) 13... Rb8 14. b3 {[%emt 0:04:38] [#]} Qc8 $146 ({Predecessor:} 14... d5 15. cxd5 cxd5 16. Bf4 Rc8 17. Be5 e6 18. Rac1 Qb6 19. Qd4 Qxd4 20. Bxd4 Ng4 21. Bxg7 Kxg7 {0-1 (27) Stuhlik,M (2244)-Timoscenko,G (2522) Oberwart 2002}) 15. Rfe1 Rd8 16. Rac1 Qa6 17. c5 Qxd3 18. exd3 Kf8 19. cxd6 exd6 20. Bf4 Be8 21. d4 {[%emt 0:10:31] 0x0.0023821a128edp-1022s more active pieces.} h6 22. Ne4 Nxe4 23. Bxe4 g5 24. Be3 d5 25. Bf5 Rb4 (25... Rb6 $11) 26. Rc2 Ra8 27. Bd2 Rb7 28. Bc3 Rd8 29. Bb2 Bf6 30. Ba3+ Kg7 31. Bc5 Bd7 32. Bxd7 Rdxd7 33. Rce2 (33. Re8 $16) 33... Bd8 (33... Rd8 $11) 34. Re8 $14 Bb6 35. Bf8+ Kg6 36. Rc1 Bxd4 37. Rxc6+ f6 38. Ba3 Rb6 39. Rcc8 f5 (39... Ra6 $15 40. Bc5 Bxc5 41. Rxc5 Rxa2) 40. Rg8+ Kh7 {[%emt 0:00:27] Hoping for ...Ra6.} 41. Rgd8 Rxd8 42. Rxd8 $11 {[%emt 0:00:00][%mdl 4096] Endgame KRB-KRB} Ra6 43. Rd7+ Kg6 44. Rd6+ Rxd6 45. Bxd6 {[%emt 0:00:00] KB-KB} Kf6 46. Kf1 Ke6 47. Bf8 h5 48. h3 g4 49. hxg4 fxg4 {[%emt 0:01:23] Threatens to win with ...Ke5.} 50. Ke2 Kf5 51. b4 Ke4 52. Bc5 a6 53. a4 Be5 54. a5 d4 55. b5 Kd5 $2 {[%emt 0:00:05][%mdl 8192] [#]} (55... d3+ $11 56. Kd2 axb5) 56. bxa6 $1 $18 Kc6 {[%emt 0:00:04] [#]} 57. Kd3 $1 Bf6 (57... Kc7 58. Bxd4) 58. Bxd4 Be7 59. Ke4 (59. Bb6 $142 h4 60. gxh4) 59... h4 60. gxh4 Bxh4 61. Kf5 Kc7 {[%emt 0:00:23] [#]} 62. Be5+ $1 Kc6 63. Bg3 Bd8 64. Kxg4 Bxa5 65. Be5 Kb6 66. f4 Kxa6 67. f5 Bd8 68. Kh5 Kb7 69. Kg6 Kc6 70. Bf4 Kd7 71. Bg5 Bb6 72. Kf7 Bc5 73. Bf6 Be3 74. Bc3 Bg5 75. Kg6 Be7 76. Bd2 Ke8 77. Bg5 Bd6 $4 (77... Bxg5 78. Kxg5 Kf7) 78. f6 {[%emt 0:00:24][%cal Bf5f6,Bf6f7][%mdl 32] White mates.} Bc5 79. Bh6 Bf8 80. Bxf8 Kxf8 81. f7 {[%emt 0:00:09] Weighted Error Value: White=0.10 (very precise) /Black=0.10 (very precise)} 1-0

[Event "Uruguayan Championship 2022"]
[Site "Montevideo"]
[Date "2022.04.16"]
[Round "9.2"]
[White "Roselli Mailhe, Bernardo"]
[Black "Rodi, Luis Ernesto"]
[Result "0-1"]
[ECO "D35"]
[WhiteElo "2426"]
[BlackElo "2347"]
[Annotator "TA"]
[PlyCount "68"]
[EventDate "2022.04.08"]
[EventType "tourn"]
[EventCountry "URU"]
[SourceTitle "playchess.com"]
[Source "ChessBase"]
[SourceQuality "1"]
[TimeControl "40/5400+30:1800+30"]

1. d4 d5 2. c4 e6 3. Nc3 Nf6 4. cxd5 exd5 5. Bg5 c6 6. e3 Bd6 7. Bd3 O-O 8. Qc2 {[%emt 0:01:41][%cal Od3h7] Black should prevent Bxh7+! D35: Queen's Gambit Declined: Exchange Variation.} h6 9. Bh4 Re8 10. Nge2 {[%emt 0:02:50] The position is equal.} a5 11. h3 Na6 12. a3 {[%emt 0:00:07] Against Nb4} Nc7 13. O-O Ne6 14. f3 Ng5 15. e4 {[%emt 0:07:14] [#]} ({Better is} 15. f4 $11 Ne6 16. Ng3) 15... Nfxe4 $1 $17 {[%emt 0:02:36][%mdl 512] &Nero is more active.} 16. fxe4 {[%emt 0:01:33] [#] This move loses the game for White.} (16. Bxe4 $17 dxe4 17. Bxg5 (17. Nxe4 $2 Nxh3+ 18. gxh3 Qxh4 $19) 17... Qxg5 18. Nxe4) (16. Kh1 Nxc3) 16... Nxh3+ $1 $19 17. gxh3 Qxh4 18. e5 {[%emt 0:00:18] [#]} (18. Rf2 $142 Bxh3 19. Nxd5 (19. e5 $2 Rxe5 20. dxe5 Bc5 $19) 19... cxd5 20. e5) 18... Rxe5 $1 19. Bh7+ (19. dxe5 Bc5+) 19... Kh8 {[%emt 0:00:57] [#] ( -> ...Rg5+)} 20. Bf5 $146 (20. dxe5 $142 Bc5+ 21. Nd4 Bxh3 22. Nce2 (22. Rxf7 $2 Bxd4+ 23. Kh1 Bxe5 $19) 22... Qg4+ 23. Kf2 Bxd4+ 24. Nxd4 Qxd4+ 25. Kg3 Bxf1 26. Rxf1 Qxe5+ 27. Kg2 Qg5+ 28. Kh1 Qh5+ 29. Qh2 Qxh2+ 30. Kxh2 Kxh7 31. Rxf7) ({Predecessor:} 20. dxe5 Bc5+ 21. Nd4 Bxd4+ 22. Kh1 Bxh3 23. Qh2 Bxe5 24. Qxe5 Bxf1+ 25. Kg1 Bh3 26. Bd3 Qg4+ 27. Kf2 Qg2+ 28. Ke3 Bd7 29. Qf4 Re8+ 30. Kd4 Qxb2 31. Rc1 Qb6# {0-1 (31) Ulrich,S (1974)-Zeng,S (2013) Saint Louis 2021}) 20... Qg5+ 21. Bg4 {[%emt 0:00:24] [#]} Bxg4 $1 22. dxe5 Bf5+ {[%emt 0:08:00][%mdl 64] Discovered Attack. A strong pair of Bishops.} 23. Kh1 Bxc2 24. exd6 Qe3 25. Nf4 Rd8 26. Rae1 Qg3 27. Re7 Rxd6 28. Nce2 Qh4 29. Rxf7 Rf6 30. Rxb7 d4 {[%emt 0:00:29][%cal Bd5d4,Bd4d3][%mdl 32] Black mates.} 31. Rb8+ Kh7 32. Rb7 Be4+ 33. Kh2 d3 34. Rg1 Qf2+ {[%emt 0:00:26] Weighted Error Value: White=0.69/Black=0.02 (flawless)} 0-1

[Event "Uruguayan Championship 2022"]
[Site "Montevideo"]
[Date "2022.04.16"]
[Round "9.3"]
[White "Lopez Azambuja, Nicolas"]
[Black "Diaz Hollemaert, Nahuel"]
[Result "0-1"]
[ECO "D00"]
[WhiteElo "2318"]
[BlackElo "2439"]
[Annotator "TA"]
[PlyCount "114"]
[EventDate "2022.04.08"]
[EventType "tourn"]
[EventCountry "URU"]
[SourceTitle "playchess.com"]
[Source "ChessBase"]
[SourceQuality "1"]
[TimeControl "40/5400+30:1800+30"]

1. d4 d5 2. Bf4 c6 3. e3 Bf5 4. c4 Bxb1 5. Qxb1 e6 6. Bd3 {[%emt 0:03:26] [#] D00: 1 d4 d5: Unusual lines.} Qa5+ $146 ({Predecessor:} 6... Bb4+ 7. Ke2 Nf6 8. c5 Nbd7 9. a3 Ba5 10. b4 Bc7 11. Bxc7 Qxc7 12. f4 h6 {1-0 (59) Sergeev,V (2472)-Belikov,V (2519) Alushta 2005}) 7. Ke2 dxc4 8. Bxc4 {[%emt 0:00:36] White is slightly better.} Nd7 9. Nf3 Ngf6 10. Rd1 Be7 11. h3 O-O 12. Kf1 Rac8 13. a3 c5 {[%emt 0:03:04] Inhibits b4.} 14. Qa2 Qb6 15. Rac1 cxd4 16. Nxd4 Kh8 17. Nf3 a5 18. Ne5 Nxe5 19. Bxe5 Rfd8 20. Be2 Rxc1 21. Rxc1 Nd5 {[%emt 0:00:29] Against Bc7} (21... Ne4 $14) 22. Qc4 Bf6 23. Bxf6 gxf6 24. Rc2 Rd6 {[%emt 0:00:28] [#]} 25. Qc8+ ({White should play} 25. Qh4 $1 $16) 25... Kg7 $1 $11 26. Rc4 {[%emt 0:01:01] Threatening mate with Rg4+.} f5 {[%emt 0:00:51] Prevents Rg4+.} 27. g4 {[%emt 0:01:08] [#]} (27. Rc2 $11) 27... f4 $1 $36 {[%emt 0:01:20][%mdl 2048] Black is really pushing.} 28. e4 {[%emt 0:01:48] [#]} f3 $1 29. Bxf3 Nf4 {[%emt 0:00:12] And now ...Qb3 would win. The board is on fire.} 30. Qc5 {[%emt 0:01:57] aiming for Qe5+.} Qxc5 {[%emt 0:00:39] &Nero is more active.} (30... Qb3 {is more complex.} 31. Qg5+ Ng6 32. Be2 e5) 31. Rxc5 {[%emt 0:00:02][%mdl 4096] Endgame KRB-KRN} Rb6 32. Rc2 Rb3 $1 33. Bg2 Kf6 34. e5+ Kxe5 35. Rc5+ $1 Kd6 (35... Kf6 $5 36. Rxa5 Rxb2 $15) 36. Rxa5 Rxb2 ({Resist} 36... Nxg2 37. Kxg2 e5 38. Ra8 $14) 37. Kg1 $1 Rb3 38. h4 f6 39. g5 fxg5 40. hxg5 b6 41. Ra4 Ke5 42. Ra7 Kf5 43. a4 Kxg5 44. Rxh7 Rb1+ 45. Kh2 Rb2 46. Kg1 Ne2+ 47. Kh2 Nc3 48. Bc6 Rxf2+ 49. Kg3 Ra2 (49... Rb2 $15) 50. Rb7 (50. Kf3 $11) 50... Ne2+ $15 51. Kh3 Kf4 $1 {[%emt 0:00:18] ( -> ...Ng1+)} 52. Rf7+ Ke5 53. Rb7 Rb2 54. Bb5 Nc3 (54... Nf4+ $15 55. Kg4 Nd5) 55. Rxb6 $11 Nxa4 56. Rb7 (56. Rxe6+ $11 Kxe6 57. Bxa4) 56... Nc5 $19 57. Rb6 Ne4 {[%emt 0:00:21] Weighted Error Value: White=0.23 (precise) /Black=0.07 (flawless)} 0-1

[Event "Uruguayan Championship 2022"]
[Site "Montevideo"]
[Date "2022.04.16"]
[Round "9.4"]
[White "Coppola, Claudio"]
[Black "Granara Barreto, Sebastian"]
[Result "1-0"]
[ECO "D10"]
[WhiteElo "2285"]
[BlackElo "2131"]
[Annotator "TA"]
[PlyCount "53"]
[EventDate "2022.04.08"]
[EventType "tourn"]
[EventCountry "URU"]
[SourceTitle "playchess.com"]
[Source "ChessBase"]
[SourceQuality "1"]
[TimeControl "40/5400+30:1800+30"]

1. d4 d5 2. c4 c6 3. cxd5 cxd5 4. Nc3 Nf6 5. Bf4 Nc6 6. e3 a6 7. Bd3 g6 8. h3 Bg7 9. Nf3 O-O 10. Rc1 h6 {[%emt 0:03:41] D90: Grünfeld: 4 Nf3 Bg7 sidelines.} 11. Ne5 Nxe5 12. Bxe5 Be6 {[%emt 0:15:52] White is slightly better.} 13. O-O {[%emt 0:01:47] [#]} Rc8 $146 ({Predecessor:} 13... b5 14. a4 b4 15. Ne2 Ne8 16. Bh2 Nd6 17. Nf4 Qd7 18. Qf3 Ne4 19. Bxe4 dxe4 20. Qxe4 {1-0 (63) Loncar,R (2397)-Plesec,D (2250) Bled 2018}) 14. Qb3 $1 Qd7 15. Na4 {[%emt 0:03:55] Strongly threatening Nb6. &Bianco is more active.} Bxh3 (15... Rxc1 $16 16. Rxc1 b5) 16. gxh3 Qxh3 17. Rxc8 (17. Qxb7 Ng4 18. Bf4 (18. Rxc8 Bxe5 19. Rxf8+ Kxf8 20. Qa8+ Kg7) 18... g5 $1 19. Qxd5 (19. Rxc8 gxf4 20. Rxf8+ Bxf8) 19... gxf4 $17) 17... Rxc8 18. Qxb7 Rd8 {[%emt 0:14:54] aiming for ...Ng4.} 19. Be2 ({Don't go for} 19. Bxa6 $2 Ng4 20. Bf4 (20. Qxe7 $2 Bxe5 21. Qxe5 Nxe5 $19) 20... g5 $19) 19... Ng4 20. Bxg4 ({Avoid the trap} 20. Qxe7 $2 {[#]} Bxe5 $1 21. Qxe5 Nxe5 $19) 20... Qxg4+ 21. Bg3 e5 22. Qe7 ({But not} 22. Qxa6 $6 h5 $16) 22... Rc8 (22... Rf8 {was called for.} 23. Nc3 exd4) 23. Nb6 $18 Rb8 24. Nxd5 exd4 25. exd4 Rxb2 $2 (25... Bxd4 26. Nf6+ Bxf6 27. Qxf6 Re8 28. Qxa6 h5) 26. Qe8+ Kh7 27. Qxf7 {[%emt 0:00:21] Black got outplayed after the opening.  Weighted Error Value: White=0.09 (flawless) /Black=0.42} 1-0

[Event "Uruguayan Championship 2022"]
[Site "Montevideo"]
[Date "2022.04.16"]
[Round "9.5"]
[White "Hoffman, Alejandro"]
[Black "Carvalho, Guillermo"]
[Result "1/2-1/2"]
[ECO "D35"]
[WhiteElo "2403"]
[BlackElo "2171"]
[Annotator "TA"]
[PlyCount "43"]
[EventDate "2022.04.08"]
[EventType "tourn"]
[EventCountry "URU"]
[SourceTitle "playchess.com"]
[Source "ChessBase"]
[SourceQuality "1"]
[TimeControl "40/5400+30:1800+30"]

1. d4 d5 2. c4 e6 3. Nc3 Nf6 4. cxd5 exd5 5. Bg5 Be7 6. e3 O-O 7. Bd3 Re8 8. Bxf6 {[%emt 0:04:43] D35: Queen's Gambit Declined: Exchange Variation.} Bxf6 9. Qh5 g6 10. Qxd5 {[%emt 0:02:20] Black has an edge.} Bxd4 $1 11. Qxd8 Bxc3+ 12. bxc3 Rxd8 13. O-O-O {[%emt 0:00:05] Black is slightly better.} Be6 14. Nf3 Nd7 ({Of course not} 14... Bxa2 15. Bb1 Rxd1+ 16. Rxd1 $14) 15. Kb2 Nc5 16. Bc2 Bd5 17. Rd4 {[%emt 0:10:29] Strongly threatening Rhd1.} Ne6 {[%emt 0:02:06] [#]  Weighted Error Value: White=0.05 (flawless) /Black=0.02 (flawless)} {Predecessor:} 18. Rdd1 $146 Rd6 19. e4 Rb6+ 20. Ka1 Bc4 21. Ne5 Bb5 22. Bb3 {0-1 (50) Belmeskin,I (2149)-Aklanov,F (2246) Tomsk 2006} 1/2-1/2

[Event "Uruguayan Championship 2022"]
[Site "Montevideo"]
[Date "2022.04.16"]
[Round "9.6"]
[White "Vaz Lacuesta, Leonardo"]
[Black "Vazquez, Facundo"]
[Result "0-1"]
[ECO "B23"]
[WhiteElo "2018"]
[BlackElo "2319"]
[Annotator "TA"]
[PlyCount "88"]
[EventDate "2022.04.08"]
[EventType "tourn"]
[EventCountry "URU"]
[SourceTitle "playchess.com"]
[Source "ChessBase"]
[SourceQuality "1"]
[TimeControl "40/5400+30:1800+30"]

1. e4 c5 2. Nc3 e6 3. Nge2 Nc6 4. g3 Nf6 5. Bg2 h5 (5... d5 {with more complications.} 6. exd5 exd5 7. d4 cxd4 8. Nxd4 Bg4) 6. h3 {[%emt 0:13:37] B24: Closed Sicilian: 3 g3 sidelines.} (6. d4 {seems wilder.} h4 7. Bf4 Qb6 8. d5) 6... d6 7. d3 Be7 8. Be3 {[%emt 0:02:17] White is slightly better.} Bd7 {[%emt 0:06:10] [#]} 9. Qd2 $146 ({Predecessor:} 9. f4 Qc7 10. Qd2 a6 11. a3 Rb8 12. Bf3 b5 13. Kf2 a5 14. Nd1 b4 15. a4 {1-0 (21) Przybylak,L-Frackowiak,S (1991) Poznan 2008}) 9... a6 10. a3 e5 11. f4 Nd4 12. Rb1 Qc7 13. Bxd4 (13. O-O $11) 13... cxd4 $15 14. Nd1 Qb6 15. O-O Rc8 16. Nf2 O-O 17. Kh2 Qc7 18. Rbc1 Bc6 (18... h4 $5) 19. Bf3 (19. c3 $11 {feels stronger.}) 19... d5 $17 20. Rg1 dxe4 21. dxe4 Rfd8 (21... Rcd8 {looks sharper.} 22. fxe5 Nd7 23. Bxh5 Nxe5 24. Nxd4 Nc4) 22. Rg2 b6 (22... Bd6 $17 23. Re1 Re8) 23. Ng1 (23. fxe5 $15 Qxe5 24. Rd1) 23... Bb7 (23... Bd6 $17 24. Ne2 Re8) 24. fxe5 $15 Qxe5 25. Nd3 Qa5 (25... Qc7 $5 26. e5 Nd5 $11) 26. Qe2 Qg5 (26... Rc7 $1 $15) 27. Re1 (27. e5 $5 Nd5 28. Bxh5 $11) 27... Re8 (27... Qh6 $11 {keeps the balance.}) 28. h4 $2 (28. e5 $16 {and life is bright.} Nd5 29. Be4) 28... Qh6 ({Black should try} 28... Ng4+ $17 29. Bxg4 Qxg4 30. Qxg4 hxg4) 29. Nh3 $11 Bd6 {[%emt 0:01:27] And now ...Bxe4 would win.} 30. Qf2 $2 (30. Ng5 $11 {and White is okay.}) 30... Bxe4 $2 {[%emt 0:01:20] This bishop pair is nice.} (30... Ng4+ 31. Bxg4 hxg4) 31. Ng5 $19 Bxf3 32. Qxf3 Rxe1 33. Nxe1 Ng4+ 34. Kg1 Qf6 {[%emt 0:01:19] Active counter play!} 35. Ne4 (35. Qd3 {was called for.} Qg6 36. Qxa6) 35... Qxf3 36. Nxf3 {[%emt 0:00:04] [#]} Be5 (36... d3 $1 $19 37. c3 Bc5+ 38. Nxc5 bxc5) 37. Rd2 $17 f5 ({Black should play} 37... g6 $17 38. Nxe5 Nxe5) 38. Neg5 {[%emt 0:00:35] Now White is beyond hope.} ({Only move:} 38. Nxe5 $15 Nxe5 39. Ng5) 38... Bxg3 $19 39. Nxd4 Bxh4 40. Nh3 (40. Ngf3 Bf6 41. Nxf5) 40... Rd8 {[%emt 0:02:27] Black is clearly winning.} 41. c3 Bf6 42. Nf3 Rxd2 43. Nxd2 Ne5 {[%emt 0:00:00] Inhibits Nf3.} 44. b3 g5 {[%emt 0:00:00] Weighted Error Value: White=0.55/Black=0.36} 0-1

[Event "Uruguayan Championship 2022"]
[Site "Montevideo"]
[Date "2022.04.17"]
[Round "10.1"]
[White "Diaz Hollemaert, Nahuel"]
[Black "Vazquez, Facundo"]
[Result "0-1"]
[ECO "A28"]
[WhiteElo "2439"]
[BlackElo "2319"]
[Annotator "TA"]
[PlyCount "38"]
[EventDate "2022.04.08"]
[EventType "tourn"]
[EventCountry "URU"]
[SourceTitle "playchess.com"]
[Source "ChessBase"]
[SourceQuality "1"]
[TimeControl "40/5400+30:1800+30"]

1. c4 e5 2. Nc3 Nf6 3. Nf3 Nc6 4. a3 d5 5. cxd5 Nxd5 6. Qc2 Nxc3 7. dxc3 {[%emt 0:00:06] A28: English Opening: Four Knights Variation.} Qf6 8. e4 Bc5 {[%emt 0:02:59] [#]} 9. b4 $146 {[%emt 0:17:03] The position is equal.} ({Predecessor:} 9. Be2 a5 10. O-O h6 11. Be3 Bxe3 12. fxe3 O-O 13. Bc4 Qe7 14. Qf2 Be6 15. Bd5 Bxd5 16. exd5 {1-0 (58) Zvjaginsev,V (2609)-Vokhidov,S (2521) Riga 2021}) 9... Bb6 10. Bg5 Qg6 11. b5 Nb8 12. Rd1 {[%emt 0:10:47][%csl Gg5][%cal Rd1d8] [#]} Nd7 13. Bc4 (13. h4 $15 f6 14. h5) 13... O-O $2 ({Black should try} 13... f6 $17 14. Be6 fxg5 15. Bxd7+ Bxd7 16. Rxd7 (16. Nxe5 $2 Bxf2+ 17. Qxf2 Qxe4+ 18. Qe2 Qxe2+ 19. Kxe2 Bxb5+ 20. Kf3 O-O+ 21. Kg3 h6 $19) 16... g4 17. Nxe5 Qe6) 14. O-O (14. h4 $1 $14 h5 15. O-O) 14... Bc5 15. Bc1 Qf6 16. Bb3 Bd6 17. Bg5 Qg6 18. Be3 Nf6 19. Rfe1 {[%emt 0:01:57] [#]} (19. Bc4 $15) 19... Bg4 $1 {[%emt 0:02:19] Weighted Error Value: White=0.33/Black=0.29 (precise)} ({And not} 19... Nxe4 20. a4 $15) ({Inferior is} 19... Qxe4 20. a4 $15) 0-1

[Event "Uruguayan Championship 2022"]
[Site "Montevideo"]
[Date "2022.04.17"]
[Round "10.2"]
[White "Carvalho, Guillermo"]
[Black "Vaz Lacuesta, Leonardo"]
[Result "1/2-1/2"]
[ECO "A36"]
[WhiteElo "2171"]
[BlackElo "2018"]
[Annotator "TA"]
[PlyCount "35"]
[EventDate "2022.04.08"]
[EventType "tourn"]
[EventCountry "URU"]
[SourceTitle "playchess.com"]
[Source "ChessBase"]
[SourceQuality "1"]
[TimeControl "40/5400+30:1800+30"]

1. c4 c5 2. Nc3 g6 3. g3 Bg7 4. Bg2 Nc6 5. e4 e6 6. Nge2 Nge7 7. O-O O-O 8. d3 d6 9. Bg5 {[%emt 0:01:39] The position is equal. 9.Rb1 is the modern continuation.} h6 {[%emt 0:08:35] A36: Symmetrical English vs ...g6: 4 Bg2 Bg7.} 10. Be3 Nd4 11. Qd2 Kh7 {[%emt 0:01:43] [#] Not much happened in this game.  Weighted Error Value: White=0.04 (flawless) /Black=0.08 (flawless)} {Predecessor:} 12. Rab1 $146 Nec6 13. f4 Bd7 14. Bf2 f5 15. exf5 gxf5 16. Nxd4 Nxd4 17. Ne2 Bc6 18. b4 {1-0 (35) Krapivin,A (2443)-Kazakovskiy,V (2354) Moscow 2015} 1/2-1/2

[Event "Uruguayan Championship 2022"]
[Site "Montevideo"]
[Date "2022.04.17"]
[Round "10.3"]
[White "Granara Barreto, Sebastian"]
[Black "Hoffman, Alejandro"]
[Result "1/2-1/2"]
[ECO "B07"]
[WhiteElo "2131"]
[BlackElo "2403"]
[Annotator "TA"]
[PlyCount "35"]
[EventDate "2022.04.08"]
[EventType "tourn"]
[EventCountry "URU"]
[SourceTitle "playchess.com"]
[Source "ChessBase"]
[SourceQuality "1"]
[TimeControl "40/5400+30:1800+30"]

1. e4 d6 2. d4 Nf6 3. Nc3 e5 4. Nf3 exd4 5. Nxd4 Be7 6. g3 O-O 7. Bg2 {[%emt 0:00:08] C41: Philidor Defence.} c6 8. O-O Re8 9. Re1 {[%emt 0:01:14] White is slightly better.} Bf8 10. a4 a5 11. h3 Na6 12. Bf4 Nb4 13. Qd2 Nd7 14. Rad1 Ne5 15. b3 Qc7 16. Be3 g6 {[%emt 0:07:12] [#]} 17. f4 $146 ({Predecessor:} 17. Bh6 Bxh6 18. Qxh6 Qe7 19. f4 Nd7 20. Nf5 gxf5 21. exf5 Qd8 22. Rxe8+ Qxe8 23. f6 {½-½ (52) Vega Gutierrez,S (2368)-Recuero Guerra,D (2457) El Sauzal 2010}) 17... Nd7 18. g4 {[%emt 0:05:56] Weighted Error Value: White=0.05 (flawless) /Black=0.10 (very precise)} 1/2-1/2

[Event "Uruguayan Championship 2022"]
[Site "Montevideo"]
[Date "2022.04.17"]
[Round "10.4"]
[White "Rodi, Luis Ernesto"]
[Black "Carbone, Diego"]
[Result "1/2-1/2"]
[ECO "C45"]
[WhiteElo "2347"]
[BlackElo "2272"]
[Annotator "TA"]
[PlyCount "142"]
[EventDate "2022.04.08"]
[EventType "tourn"]
[EventCountry "URU"]
[SourceTitle "playchess.com"]
[Source "ChessBase"]
[SourceQuality "1"]
[TimeControl "40/5400+30:1800+30"]

1. e4 e5 2. Nf3 Nc6 3. d4 exd4 4. Nxd4 Nf6 5. Nxc6 bxc6 6. e5 Qe7 7. Qe2 Nd5 8. h4 Qe6 {[%emt 0:02:04] C45: Scotch Game.} 9. Nd2 $1 {[%emt 0:00:17] [#] 9.Nd2 is better than 9.g3.} f6 $146 ({Black should try} 9... a5 $11) ({Predecessor:} 9... d6 10. exd6 Bxd6 11. Nc4 Bc5 12. a3 O-O 13. Qxe6 Bxe6 14. Bd3 Rfe8 15. O-O Nf6 16. Be3 {½-½ (36) Yu,Y (2713)-Mamedyarov,S (2767) Belgrade 2022}) 10. Nf3 (10. exf6 $14 gxf6 11. a3) 10... Bc5 11. c4 Nb6 12. exf6 Qxe2+ 13. Bxe2 gxf6 14. Bd2 a5 {[%emt 0:02:16] Against b4} 15. O-O O-O 16. Rfe1 d6 17. b3 Bg4 18. a3 Rfe8 19. Bc3 (19. Bd3 $14) 19... Nd7 $11 20. Kf1 Reb8 21. Nd2 (21. Bd1 $1 $14) 21... Bxe2+ 22. Rxe2 Kf7 {[%emt 0:05:37] Prevents Re7+.} 23. f4 (23. Rae1 $11 {deserves consideration.} d5 24. Bb2) 23... d5 $15 24. g4 Bd6 (24... d4 $5 25. Bb2 d3 $15) 25. Rf2 (25. Rd1 $15) 25... Nc5 (25... a4 $1 $17 26. b4 c5 27. cxd5 cxb4 28. axb4 Bxb4) 26. g5 (26. Rb1 $1 $15) 26... f5 (26... Nxb3 $17 27. Nxb3 Rxb3 28. Bxf6 dxc4) 27. Rb1 dxc4 (27... Rb7 {seems wilder.} 28. h5 Ne6 29. cxd5 cxd5 30. Nf3 Rab8) 28. Nxc4 Rxb3 (28... Ne4 {is more complex.} 29. Rf3 a4 30. b4 c5) 29. Rxb3 Nxb3 30. Be5 Rd8 31. h5 a4 32. Rg2 Bxe5 33. Nxe5+ $11 {[%emt 0:00:13][%mdl 4096] Endgame KRN-KRN} Kg8 34. Nxc6 Rd1+ 35. Kf2 {[%emt 0:00:21] Ne7+ is the strong threat.} Nd4 36. Nxd4 Rxd4 {[%emt 0:00:01] KR-KR} 37. Ke3 Re4+ 38. Kf3 Rc4 (38... Re1 $1 $11 {remains equal.}) 39. Re2 $1 $16 {[%emt 0:00:09] Black must now prevent h6.} Rc3+ $2 (39... h6 $16) 40. Re3 $18 Rb3 {[%emt 0:00:48] [#]} 41. Ke2 $2 ({White has to play} 41. h6 $1 $18) 41... Rb2+ $1 $11 42. Kd3 {[%emt 0:01:47] aiming for Re8+.} Rf2 {[%emt 0:00:00] [#]} (42... Rb3+ $11 43. Kd2 Rb2+ 44. Kc1 Rf2) 43. Kd4 (43. Re8+ $1 $16 Kf7 44. Rc8) 43... Rxf4+ 44. Ke5 Rc4 45. Kxf5 (45. Kf6 $5 Rc6+ 46. Kxf5 $16) 45... Kf7 $1 {[%emt 0:00:00] The position is equal.} 46. Rd3 Rc5+ 47. Kf4 Rc4+ 48. Ke5 Rc5+ 49. Rd5 Rc3 50. Rd7+ Kg8 51. h6 Rxa3 52. Rg7+ Kh8 53. Rxc7 Kg8 54. Rg7+ Kh8 55. Ra7 Kg8 56. Kf5 {[%emt 0:00:00] Hoping for Ra8+.} Ra1 57. Ke4 Re1+ 58. Kd3 Rd1+ 59. Kc4 Rc1+ 60. Kb4 Rb1+ 61. Ka3 Ra1+ 62. Kb2 Rg1 63. Ra5 Kf7 64. Ra7+ Kg6 65. Rg7+ Kh5 66. Rxh7 {[%emt 0:00:00] Threatens to win with Rg7.} Rxg5 67. Rh8 Rg6 68. h7 Rg7 69. Ka3 Kh6 70. Kxa4 Rxh7 71. Rg8 Rg7 {[%emt 0:00:16] Weighted Error Value: White=0.29 (precise) /Black=0.22 (precise)} 1/2-1/2

[Event "Uruguayan Championship 2022"]
[Site "Montevideo"]
[Date "2022.04.17"]
[Round "10.5"]
[White "Palacio, Enzo"]
[Black "Coppola, Claudio"]
[Result "0-1"]
[ECO "B75"]
[WhiteElo "1896"]
[BlackElo "2285"]
[Annotator "TA"]
[PlyCount "54"]
[EventDate "2022.04.08"]
[EventType "tourn"]
[EventCountry "URU"]
[SourceTitle "playchess.com"]
[Source "ChessBase"]
[SourceQuality "1"]
[TimeControl "40/5400+30:1800+30"]

1. e4 c5 2. Nf3 d6 3. d4 cxd4 4. Nxd4 Nf6 5. Nc3 g6 6. Be3 Bg7 7. f3 a6 8. Qd2 h5 {[%emt 0:00:08] B75: Sicilian Dragon: Yugoslav Attack, Miscellaneous.} 9. a4 b6 10. h4 Bb7 {[%emt 0:00:28] The position is equal.} 11. Bc4 Nbd7 {[%emt 0:00:30] [#]} 12. Nd5 $146 ({Predecessor:} 12. Nde2 O-O 13. Bh6 Rc8 14. Bxg7 Kxg7 15. Bb3 Ne5 16. Nd4 Rc5 17. O-O-O Rh8 18. Qe3 {0-1 (36) Jabed,A (2002)-Adhiban,B (2659) Dhaka 2021}) 12... Ne5 13. Nxf6+ Bxf6 14. Be2 Rc8 15. O-O-O (15. Bg5 $11 {feels stronger.}) 15... Nc4 16. Bxc4 Rxc4 17. b3 Rc8 18. Kb1 Qc7 19. g4 $2 {[%emt 0:04:04][%mdl 8192] [#]} (19. c4 $11 {and White stays safe.}) 19... hxg4 $19 20. fxg4 Bxe4 {[%emt 0:00:46] And now ...e5 would win. This bishop pair is nice.} 21. Rh2 e5 {[%emt 0:05:56] Black is clearly winning.} ({Don't go for} 21... Be5 $2 22. Bf4 $19) 22. Re1 d5 ({And not} 22... exd4 23. Bf4 $17 (23. Bxd4 $2 Bxd4 24. Qxd4 d5 $19)) 23. Ne2 Qxc2+ 24. Qxc2 Rxc2 25. Ka1 Bd3 {[%emt 0:00:18] [#] Threatens to win with ...e4+.} 26. g5 Bg7 {[%emt 0:00:18] Hoping for ...e4+.} 27. Rf2 Rxh4 {[%emt 0:00:35] Black took control after the opening.  Weighted Error Value: White=0.69/Black=0.02 (flawless)} 0-1